 Dungeon Crawl Stone Soup version 0.30-a0-626-gd6a5dd7a1f (webtiles) character file.

Game seed: 13046248576913142832

770 Hubris850 the Ruffian (level 7, -7/46 HPs)
             Began as an Octopode Fighter on Jan 11, 2023.
             Mangled by an ice beast (8 damage)
             ... on level 5 of the Dungeon.
             The game lasted 00:11:14 (3898 turns).

Hubris850 the Ruffian (Octopode Fighter)            Turns: 3898, Time: 00:11:15

Health: -7/46      AC:  1    Str: 15    XL:     7   Next: 83%
Magic:  10/10      EV: 14    Int: 12    God:
Gold:   252        SH:  5    Dex: 18    Spells: 7/10 levels left

rFire   . . .      SeeInvis .      - Unarmed
rCold   . . .      Faith    .    a - +0 buckler
rNeg    . . .      Spirit   .    (helmet restricted)
rPois   .          Reflect  .    (no amulet)
rElec   .          Harm     .    m - +6 ring of dexterity
rCorr   .          Rampage  .    (no ring)
Will    .....                    (no ring)
Stlth   +++++                    (no ring)
HPRegen 0.27/turn                (no ring)
MPRegen 0.12/turn                (no ring)
                                 (no ring)
                                 (no ring)

@: no status effects
A: almost no armour, amphibious, 8 rings, camouflage 2, gelatinous body 1,
(nimble swimmer 1), tentacles
a: no special abilities


You were on level 5 of the Dungeon.
You visited 1 branch of the dungeon, and saw 5 of its levels.

You collected 252 gold pieces.

Inventory:

Hand Weapons
 o - a +4 club
 t - a +2 dagger of venom
Missiles
 p - 2 throwing nets (quivered)
Armour
 a - a +0 buckler (worn)
Magical Staves
 k - a staff of earth
Jewellery
 m - a +6 ring of dexterity (left tentacle)
Wands
 b - a wand of mindburst (6)
 h - a wand of iceblast (9)
 s - a wand of digging (7)
Scrolls
 c - 2 scrolls of vulnerability {unknown}
 d - a scroll of teleportation {unknown}
 g - 2 scrolls of magic mapping
 i - a scroll of noise {unknown}
 q - a scroll of poison {unknown}
Potions
 e - a potion of heal wounds
 j - a potion of lignification
 l - 2 potions of curing
 n - a potion of ambrosia {unknown}
 r - a potion of mutation
 u - a potion of brilliance {unknown}
 v - a potion of berserk rage {unknown}


   Skills:
 - Level 3.0 Fighting
 - Level 3.0 Dodging
 - Level 4.0 Stealth
 - Level 4.0 Shields
 + Level 6.7 Unarmed Combat
 + Level 2.4 Spellcasting
 + Level 1.7 Ice Magic


You had 7 spell levels left.
You knew the following spells:

 Your Spells              Type           Power      Damage    Failure   Level
a - Frozen Ramparts       Ice            10%        1d2       43%         3

Your spell library contained the following spells:

 Spells                   Type           Power      Damage    Failure   Level
 Freeze                   Ice            20%        1d4       16%         1
 Blink                    Tloc           2%         N/A       45%         2
 Momentum Strike          Conj/Tloc      2%         3d8       45%         2
 Hailstorm                Conj/Ice       3%         3d3       56%         3
 Lesser Beckoning         Tloc           2%         N/A       69%         3
 Vhi's Electric Charge    Tloc/Air       2%         N/A       69%         3
 Arcjolt                  Conj/Air       0%         1d10      100%        5
 Maxwell's Capacitive Co  Air            0%         ∞         100%        8


Dungeon Overview and Level Annotations

Branches:
Dungeon (5/15)
 Temple: D:4-7

Altars:
Dithmenos
Hepliaklqana
Uskayaw
Zin

Shops:
D:1 :

Annotations:
D:4 1 runed translucent door, bmack86's ghost, amateur MiFi


Innate Abilities, Weirdness & Mutations

You cannot wear most types of armour.
You are amphibious.
You can wear up to eight rings at the same time.
Your skin blends seamlessly with your surroundings (Stealth++).
Your rubbery body absorbs attacks. (AC +1, EV +1)
((You are camouflaged when in or above water. (Stealth+)))
You have tentacles for arms and can constrict up to eight enemies at once.


Message History

The water moccasin is almost dead.
You constrict the water moccasin. The water moccasin bites you.
The water moccasin bites you!
You tentacle-slap the water moccasin but do no damage.
The water moccasin is almost dead.
You constrict the water moccasin. The water moccasin bites you!
You barely miss the water moccasin. You squeeze the water moccasin.
You kill the water moccasin!
You tentacle-slap the ice beast but do no damage.
You block the ice beast's attack.
You completely miss the ice beast. You block the ice beast's attack.
You barely miss the ice beast. The ice beast barely misses you.
You tentacle-slap the ice beast but do no damage.
You squeeze the ice beast, but do no damage.
The ice beast hits you. The ice beast freezes you!
* * * LOW HITPOINT WARNING * * *
You are too injured to fight recklessly!
You are too injured to fight recklessly!
You are too injured to fight recklessly!
You tentacle-slap the ice beast.
The ice beast is lightly wounded.
You block the ice beast's attack.
You tentacle-slap the ice beast. Your squeeze misses the ice beast.
The ice beast is lightly wounded.
You block the ice beast's attack.
You tentacle-slap the ice beast. You squeeze the ice beast.
The ice beast is moderately wounded.
The ice beast hits you.
* * * LOW HITPOINT WARNING * * *
The ice beast freezes you.
* * * LOW HITPOINT WARNING * * *
You closely miss the ice beast. Your squeeze misses the ice beast.
The ice beast is moderately wounded.
The ice beast closely misses you.
It was a potion of mutation.
You feel extremely strange.
Your natural camouflage becomes more effective.
The ice beast hits you.
* * * LOW HITPOINT WARNING * * *
The ice beast freezes you!
You die...

#......###
#.......$
#......#
#......#
#..<...#
####.####
#......#
###...##.#
#..@Y....#
#..........
#........##
..##...#....
##.
#.......#.
#. ##.....#.
. ##.##. .
.#


You could see an ice beast.

Vanquished Creatures
  Sigmund (D:3)
  A water moccasin (D:5)
  A sky beast (D:4)
  A hound (D:3)
  4 orc priests
  Jessica (D:2)
  Ijyb (D:3)
  2 orc wizards (D:4)
  Robin (D:3)
  3 adders
  An ufetubus (D:4)
  2 worms
  2 dart slugs (D:3)
  7 orcs
  7 endoplasms
  2 giant cockroaches
  16 goblins
  7 hobgoblins
  6 jackals
  11 kobolds
  3 quokkas
  5 ball pythons
  5 bats
  4 frilled lizards (D:1)
  8 rats
102 creatures vanquished.

Vanquished Creatures (others)
  2 withered plants (D:4)
2 creatures vanquished.

Grand Total: 104 creatures vanquished

Notes
Turn   | Place    | Note
-------+----------+-------------------------------------------
     0 | D:1      | Hubris850 the Octopode Fighter began the quest for the Orb.
     0 | D:1      | Reached XP level 1. HP: 16/16 MP: 1/1
    89 | D:1      | Reached skill level 1 in Stealth
    93 | D:1      | Reached XP level 2. HP: 12/21 MP: 2/2
   544 | D:1      | Found Feang's Book Emporium.
   698 | D:1      | Reached XP level 3. HP: 26/26 MP: 3/3
   894 | D:2      | Found a hide-covered altar of Uskayaw.
  1018 | D:2      | Noticed Jessica
  1060 | D:2      | Killed Jessica
  1061 | D:2      | Reached XP level 4. HP: 19/31 MP: 4/4
  1312 | D:2      | Reached skill level 3 in Unarmed Combat
  1530 | D:3      | Noticed Ijyb
  1536 | D:3      | Killed Ijyb
  1540 | D:3      | Reached XP level 5. HP: 34/36 MP: 5/5
  1562 | D:3      | Found a glowing silver altar of Zin.
  1566 | D:3      | Noticed Robin
  1583 | D:3      | Killed Robin
  2020 | D:3      | Reached skill level 4 in Unarmed Combat
  2200 | D:3      | Noticed Sigmund
  2581 | D:3      | Reached XP level 6. HP: 38/42 MP: 6/6
  2934 | D:3      | Killed Sigmund
  2935 | D:3      | Reached skill level 5 in Unarmed Combat
  3048 | D:4      | Reached skill level 6 in Unarmed Combat
  3064 | D:4      | Reached XP level 7. HP: 43/46 MP: 7/7
  3273 | D:4      | Reached skill level 1 in Spellcasting
  3320 | D:4      | Learned a level 3 spell: Frozen Ramparts
  3417 | D:4      | Found a runed translucent door.
  3417 | D:4      | Noticed bmack86's ghost (amateur MiFi)
  3481 | D:4      | Reached skill level 1 in Ice Magic
  3729 | D:4      | Found a shadowy altar of Dithmenos.
  3730 | D:4      | Noticed a shadow
  3733 | D:4      | Found a hazy altar of Hepliaklqana.
  3881 | D:5      | Entered Level 5 of the Dungeon
  3898 | D:5      | Gained mutation: Your skin blends seamlessly with your
                  | surroundings (Stealth++). [potion of mutation]
  3898 | D:5      | HP: 1/46 [ice beast (3)]
  3898 | D:5      | Mangled by an ice beast

Illustrated notes

Levels and vault maps discovered:
D:1:      ncdulo_wetmaze, layout_basic, serial_shops, shop,
          dreamdust_wishing_well, dreamdust_mushroom_princess
D:2:      layout_rooms, basic_altar, minmay_misc_feat_room, uniq_jessica
D:3:      layout_basic, zin_statuary, uniq_sigmund, uniq_ijyb, uniq_robin
D:4:      layout_gridville, riverfiend_overflow_shadow_ancestor,
          gammafunk_ghost_grave
D:5:      layout_loops_cross, chequers_avenue

Skill      XL: |  1  2  3  4  5  6  7 |
---------------+----------------------+-----
Stealth        | 1 2 3 4 |  4.0
Unarmed Combat | 3 4 6 |  6.7
Shields        | 4 |  4.0
Spellcasting   | 2 |  2.4
Ice Magic      | 1 |  1.7
Fighting       | |  3.0
Dodging        | |  3.0

Action                   |  1- 3 |  4- 6 |  7- 9 || total
-------------------------+-------+-------+-------++-------
Melee: Unarmed           |    67 |       |    43 ||   110
       Constrict         |    23 |    26 |     8 ||    57
       Tentacles         |    17 |    17 |    11 ||    45
       Punch             |     4 |     5 |     2 ||    11
       Club              |       |    42 |       ||    42
       Dagger            |       |    41 |       ||    41
Evoke: Wand              |       |     5 |       ||     5
  Use: Potion            |       |     2 |     2 ||     4
       Scroll            |       |     3 |     1 ||     4
 Stab: Sleeping          |     8 |     5 |     7 ||    20
Armor: Skin              |     1 |     5 |       ||     6
Dodge: Dodged            |    33 |    50 |    12 ||    95
Block: Buckler           |    16 |    20 |     6 ||    42

Table legend: (Time is in decaauts)
 A = Elapsed time spent in this place.
 B = Non-inter-level travel time spent in this place.
 C = Inter-level travel time spent in this place.
 D = Time resting spent in this place.
 E = Time spent auto-exploring this place.
 F = Levels seen in this place.
 G = Mean time per level.
                   A        B        C        D        E       F      G
               +--------+--------+--------+--------+--------+-----+--------+
         Total |   3872 |   3764 |    108 |    288 |   2770 |   5 |  774.4 |
       Dungeon |   3872 |   3764 |    108 |    288 |   2770 |   5 |  774.4 |
               +--------+--------+--------+--------+--------+-----+--------+

Top non-repeatable levels by time:
     D:3: 1477 daAuts
     D:4: 913 daAuts
     D:1: 893 daAuts
     D:2: 571 daAuts
     D:5: 16 daAuts
